Map: Cerulean Fall LE

Players

Gemini

  • Race: Protoss Protoss
  • League: Master
  • Spawn Location: 1:00

A.I. 1 (Very Easy) - Winner!

  • Race: Zerg Zerg
  • Spawn Location: 7:00

VOD

Have the link to the VOD?

Description

Time

  • Played on: Dec. 18, 2018, 12:11 p.m.
  • Length: 7:47
Show
View Real Time Build Order
Export as new Build Order

Gemini Protoss 

Build Orders: 1 Gate Expand, Zealot Archon, Archon Drop 

Get SALT Encoding   

  12  0:00  Probe  
  13  0:13  Probe  
  14  0:17  Pylon  
  14  0:24  Probe  
  15  0:32  Probe  
  15  0:38  Gateway  
  15  0:40  Probe  
  16  0:47  Assimilator  
  17  0:51  Probe  
  18  1:03  Probe  
  19  1:15  Probe  
  20  1:24  Nexus  
  20  1:34  Cybernetics Core  
  20  1:37  Probe  
  21  1:43  Assimilator  
  21  1:49  Probe  
  21  1:52  Pylon  
  22  2:01  Adept, Probe  
  23  2:13  Probe  
  26  2:16  Twilight Council  
  26  2:21  Warp Gate, Probe  
  27  2:30  Probe  
  27  2:31  Stalker  
  27  2:33  Probe  
  30  2:41  Probe  
  30  2:43  Probe  
  33  2:53  Probe  
  33  2:56  Probe  
  35  3:03  Robotics Facility  
  35  3:05  Probe  
  36  3:08  Probe  
  37  3:15  Gateway  
  37  3:17  Charge, Probe  
  38  3:20  Probe  
  38  3:26  Gateway  
  39  3:29  Gateway  
  39  3:31  Probe  
  39  3:33  Probe  
  41  3:45  Probe x2  
  43  3:51  Pylon, Warp Prism  
  45  3:56  Pylon  
  45  3:57  Probe  
  46  4:04  Dark Shrine  
  46  4:11  Pylon  
  46  4:14  Probe x2  
  48  4:23  Zealot x3  
  48  4:24  Zealot  
  56  4:27  Assimilator  
  56  4:29  Probe  
  56  4:30  Assimilator  
  56  4:31  Probe  
  58  4:34  Observer  
  59  4:41  Probe  
  59  4:43  Probe  
  61  4:49  Zealot x4  
  69  4:55  Pylon  
  69  4:58  Pylon  
  69  5:16  Dark Templar x3  
  69  5:17  Dark Templar  
  77  5:24  Nexus  
  77  5:26  Immortal  
  77  5:27  Pylon  
  77  5:40  Probe  
  77  5:42  Forge  
  81  5:43  Probe  
  81  5:48  Probe  
  83  5:50  Protoss Ground Weapons Level 1, Sentry x2  
  83  5:52  Sentry  
  83  5:55  Probe  
  91  5:57  Probe  
  91  5:58  Shield Battery  
  92  6:07  Pylon, Probe  
  92  6:09  Probe  
  94  6:16  Pylon  
  94  6:19  Gateway  
  94  6:20  Gateway  
  94  6:24  Archon  
  94  6:25  Archon, Probe x2  
  100  6:32  Immortal  
  100  6:35  Probe  
  100  6:37  Probe x2  
  103  6:48  Probe  
  103  6:50  Probe  
  103  6:52  Gateway, Probe  
  106  6:55  Gateway  
  106  6:56  Templar Archives  
  106  7:00  Probe  
  107  7:02  Probe  
  107  7:04  Probe  
  107  7:06  Dark Templar x2  
  113  7:14  Pylon, Assimilator  
  113  7:16  Probe x3  
  113  7:17  Assimilator  
  113  7:18  Archon  
  120  7:28  Probe x2  
  120  7:29  Pylon  
  122  7:30  Pylon  
  122  7:36  High Templar  
  124  7:38  High Templar  
  124  7:41  Zealot x3  
  132  7:47  Pylon  
Show
View Real Time Build Order
Export as new Build Order

A.I. 1 (Very Easy) Zerg - Winner!

Build Orders: Pool First 

Get SALT Encoding   

  12  0:01  Drone  
  13  0:12  Overlord  
  13  0:17  Drone  
  14  0:36  Spawning Pool  
  14  0:37  Extractor  
  14  0:40  Drone  
  13  0:48  Drone  
  14  0:54  Overlord  
  14  1:23  Zergling x2  
  14  1:25  Queen  
  17  1:34  Roach Warren  
  17  1:36  Extractor  
  17  1:39  Drone  
  16  1:46  Drone  
  16  1:51  Zergling x2  
  18  2:06  Drone  
  19  2:13  Drone  
  20  2:19  Zergling x2  
  20  2:22  Drone  
  22  2:31  Overlord  
  22  2:36  Drone  
  23  2:43  Drone  
  24  2:47  Roach  
  24  2:50  Drone  
  27  5:03  Zergling x2  
  25  5:18  Queen  
  25  5:20  Drone  
  22  5:27  Drone  
  9  5:31  Zergling x2  
  9  5:34  Drone  
  8  5:41  Drone  
  9  5:49  Drone  
  10  5:56  Drone  
  11  5:59  Zergling x2  
  11  6:03  Drone  
  12  6:10  Drone  
  13  6:17  Drone  
  14  6:24  Drone  
  15  6:27  Roach  
  15  6:31  Drone  
  18  6:39  Drone  
  19  6:46  Drone  
  20  6:53  Drone  
  21  6:55  Zergling x2  
  21  7:00  Drone  
  23  7:07  Drone  
  24  7:15  Drone  
  25  7:22  Drone  
  26  7:30  Drone  
  26  7:31  Hatchery  
Tags
 
Add a new tag
Caveats
  • Supply blocks, unpowered buildings, or Contaminate may cause inaccurate times.
  • Supply counts are checked every 10 seconds.